 Dungeon Crawl Stone Soup version 0.31.0-12-g77e489cdc1 (webtiles) character file.

Game seed: 11836898657247050022

496 blundermoth the Cudgeller (level 6, 0/85 HPs)
             Began as a Minotaur Berserker on Feb 8, 2024.
             Was a Believer of Trog.
             Slain by an orc wizard
             ... wielding a +0 dagger
              (4 damage)
             ... on level 4 of the Dungeon on Feb 12, 2024.
             The game lasted 00:12:07 (3193 turns).

blundermoth the Cudgeller (Minotaur Berserker)      Turns: 3193, Time: 00:12:08

Health: 0/85       AC:  9    Str: 24    XL:     6   Next: 93%
Magic:  5/5        EV:  9    Int:  4    God:    Trog [**....]
Gold:   221        SH:  0    Dex:  9    Spells: 5/5 levels left

rFire   . . .        a - +0 mace
rCold   . . .        (no shield)
rNeg    . . .        q - +0 chain mail
rPois   .            (helmet restricted)
rElec   .            (no cloak)
rCorr   .            (no gloves)
SInv    .            (no boots)
Will    .....        (no amulet) Stlth
                     (no ring)
HPRegen 0.34/turn    (no ring)
MPRegen 0.09/turn

%: no passive effects
@: berserking, very quick
A: horns 2, retaliatory headbutt
a: Renounce Religion, Berserk, Trog's Hand


You were on level 4 of the Dungeon.
You worshipped Trog.
Trog was pleased with you.
You visited 2 branches of the dungeon, and saw 5 of its levels.

You collected 221 gold pieces.

Inventory:

Hand Weapons
 a - a +0 mace (weapon)
Armour
 b - a +0 animal skin
 q - a +0 chain mail (worn)
Jewellery
 k - a +6 ring of dexterity
 t - a ring of magical power
Wands
 r - a wand of roots (9)
Scrolls
 c - a scroll of poison {unknown}
 d - 3 scrolls of amnesia {unknown}
 e - 4 scrolls of identify
 g - 2 scrolls of teleportation
 j - a scroll of brand weapon {unknown}
 l - a scroll of immolation {unknown}
 o - 2 scrolls of vulnerability {unknown}
 p - a scroll of fear {unknown}
 s - a scroll of blinking {unknown}
Potions
 f - a potion of haste {unknown}
 h - a potion of might {unknown}
 i - 2 potions of brilliance {unknown}
 m - a potion of heal wounds {unknown}
 n - a potion of attraction {unknown}


   Skills:
 + Level 5.6 Fighting
 + Level 5.6 Maces & Flails
 + Level 4.9 Armour
 + Level 4.5 Dodging


You had 5 spell levels left.
You didn't know any spells.
Your spell library was empty.

Dungeon Overview and Level Annotations

Branches:
Dungeon (4/15)             Temple (1/1) D:4

Altars:
Cheibriados
Kikubaaqudgha
Nemelex Xobeh
Qazlal
Uskayaw
The Shining One


Innate Abilities, Weirdness & Mutations

You have a pair of horns on your head.
You reflexively headbutt those who attack you in melee.


Message History

Something hits you but does no damage. The orc wizard casts a spell at you.
You miss something. Your headbutt misses something.
You hit something but do no damage.
The orc wizard hits you but does no damage.
Something hits you but does no damage.
The orc wizard attacks as it pursues you!
The orc wizard hits you but does no damage.
You barely miss the orc wizard.
The orc wizard hits you but does no damage.
You're too confused to move!
The orc wizard closely misses you.
You're too confused to move!
The orc wizard casts a spell at you.
The magic dart hits you but does no damage.
You bump into the rock wall.
Something hits the orc wizard.
The orc wizard gestures wildly while chanting.
The orc wizard flickers and vanishes!
You miss something. Something hits you but does no damage.
You're too confused to move!
You feel less confused. Something hits you but does no damage.
You closely miss something. You headbutt something!
Your punch misses something. Something hits you but does no damage.
You miss something. Your headbutt misses something. Something hits you.
* * * LOW HITPOINT WARNING * * *
Something hits you.
* * * LOW HITPOINT WARNING * * *
Something hits you but does no damage.
You closely miss something. Something hits you but does no damage.
Something hits you.
* * * LOW HITPOINT WARNING * * *
You hear some strange, mumbled words.
A magic dart appears from out of thin air!
The magic dart hits you.
* * * LOW HITPOINT WARNING * * *
A red film seems to cover your vision as you go berserk!
You feel yourself moving faster!
You feel mighty! Something hits you.
* * * LOW HITPOINT WARNING * * *
Something hits you.
You die...

# ###..####...##
#..........
#######...## ##.##
#...........
..........## ##
##..........
.>.######..##
#.......... ...#
##..## ##.........
...# ##..##### ..##
##..#..### ..#
##.†.{..### ..#
##..@{...## ..#
##.........### ..#
##............## ..#
#..............##
..#
#...†...........##
..#
#................##
.##
#.................#
.#
#.................#
.##
##................#.


There were no monsters in sight!

Vanquished Creatures
  An ogre (D:4)
  A scorpion (D:4)
  A bombardier beetle (D:4)
  2 hounds
  An orc priest (D:4)
  An iguana (D:4)
  An orc wizard (D:4)
  7 adders
  5 dart slugs
  12 orcs
  7 ball pythons
  7 endoplasms
  4 giant cockroaches
  10 goblins
  2 hobgoblins
  4 jackals (D:1)
  3 quokkas
  5 bats
  3 frilled lizards
  7 kobolds
  15 rats
99 creatures vanquished.

Vanquished Creatures (others)
  A human (D:3)
1 creature vanquished.

Grand Total: 100 creatures vanquished

Notes
Turn   | Place    | Note
-------+----------+-------------------------------------------
     0 | D:1      | blundermoth the Minotaur Berserker began the quest for the
                  | Orb.
     0 | D:1      | Reached XP level 1. HP: 19/19 MP: 0/0
    38 | D:1      | Reached XP level 2. HP: 25/27 MP: 1/1
    80 | D:1      | Found a faded altar of an unknown god.
   350 | D:1      | Reached ** piety under Trog
   351 | D:1      | Reached XP level 3. HP: 33/33 MP: 2/2
   884 | D:2      | Reached XP level 4. HP: 40/40 MP: 3/3
  1844 | D:3      | Reached XP level 5. HP: 47/47 MP: 4/4
  2057 | D:3      | Found a sparkling altar of Nemelex Xobeh.
  2197 | D:3      | Found an ancient bone altar of Kikubaaqudgha.
  2201 | D:3      | Noticed a human
  2203 | D:3      | Killed a human
  2282 | D:4      | Found a glowing golden altar of the Shining One.
  2338 | D:4      | Found a hide-covered altar of Uskayaw.
  2408 | D:4      | Noticed an ogre
  2415 | D:4      | Killed an ogre
  2416 | D:4      | Reached skill level 5 in Fighting
  2416 | D:4      | Reached skill level 5 in Maces & Flails
  2418 | D:4      | Upgraded the game from 0.31.0-11-ge490571c62 to
                  | 0.31.0-12-g77e489cdc1
  2493 | D:4      | Reached XP level 6. HP: 53/56 MP: 5/5
  2503 | D:4      | Found a staircase to the Ecumenical Temple.
  2517 | D:4      | Found a stormy altar of Qazlal.
  2856 | Temple   | Entered the Ecumenical Temple
  3193 | D:4      | HP: 4/85 [something (3)]
  3193 | D:4      | Slain by an orc wizard

Illustrated notes

Levels and vault maps discovered:
D:1:      lightli_arrival_maybe_door_vault, layout_rooms,
          hellmonk_ecumenical_altar_pennies_from_heaven, minmay_misc_feat_iff
D:2:      layout_loops_ring, minmay_rat_gold_closets
D:3:      layout_loops_ring, tgw_kikubaaqudgha, mainiacjoe_overflow_boulevard
D:4:      layout_cave_pods, mainiacjoe_overflow_cross_hatched,
          mainiacjoe_overflow_catwalk, mainiacjoe_overflow_small_starburst,
          lemuel_coloured_pillars_altar, temple_statues
Temple:   ebering_the_one_and_only

Skill      XL: |  1  2  3  4  5  6 |
---------------+-------------------+-----
Fighting       | 4 5 |  5.6
Maces & Flails | 4 5 |  5.6
Armour         | 3 4 |  4.9
Dodging        | 3 4 |  4.5

Action                     |  1- 3 |  4- 6 || total
---------------------------+-------+-------++-------
  Melee: Mace              |    78 |   150 ||   228
         Headbutt          |    10 |    19 ||    29
         Punch             |     2 |     2 ||     4
 Invoke: Berserk           |     1 |     6 ||     7
    Use: Scroll            |       |     2 ||     2
   Stab: Sleeping          |       |     3 ||     3
 Armour: Animal skin       |    48 |    29 ||    77
         Chain mail        |       |   123 ||   123
  Dodge: Dodged            |    68 |    64 ||   132
